 Dungeon Crawl Stone Soup version 0.20.1-1-g8b1a95d (webtiles) character file.

115 dohliylev the Covert (level 4, -3/33 HPs)
             Began as a Vampire Assassin on July 8, 2017.
             Killed by divine providence
             ... invoked by an orc priest
              (8 damage)
             ... on level 3 of the Dungeon.
             The game lasted 00:09:56 (2737 turns).

dohliylev the Covert (Vampire Assassin)             Turns: 2737, Time: 00:09:57

Health: -3/33      AC:  4    Str: 10    XL:     4   Next: 68%
Magic:  4/4        EV: 12    Int: 13    God:
Gold:   207        SH:  0    Dex: 16    Spells: 3/3 levels left

rFire    + . .     SeeInvis +   w - +0 rapier
rCold    . . .     Gourm    .   (no shield)
rNeg     + + .     Faith    .   c - +0 robe
rPois    .         Spirit   .   y - +0 helmet
rElec    .         Reflect  .   d - +0 cloak
rCorr    .         Harm     .   (no gloves)
MR       .....                  (no boots)
Stlth    ++++......             (no amulet)
Regen    0.2/turn               l - ring of protection from fire (curse)
MPRegen  0.1/turn               o - ring of positive energy

@: no status effects
A: fangs 3, see invisible, unbreathing
a: Bat Form


You were on level 3 of the Dungeon.
You were not thirsty.

You visited 1 branch of the dungeon, and saw 3 of its levels.

You collected 207 gold pieces.

Inventory:

Hand Weapons
 a - a +2 dagger
 b - a +0 blowgun
 w - a +0 rapier (weapon)
Missiles
 e - 3 poisoned needles
 f - 2 curare-tipped needles
Armour
 c - a +0 robe (worn)
 d - a +0 cloak (worn)
 y - a +0 helmet (worn)
Jewellery
 l - a cursed ring of protection from fire (left hand)
 o - a ring of positive energy (right hand)
 q - an uncursed ring of protection from cold
Scrolls
 j - a scroll of fear {unknown}
 p - a scroll of enchant armour {unknown}
 s - 2 scrolls of identify {unknown}
 t - a scroll of immolation {unknown}
 u - a scroll of fog {unknown}
 x - a scroll of remove curse {unknown}
Potions
 g - 14 potions of blood
 h - a potion of agility {unknown}
 i - a potion of curing {unknown}
 k - 3 potions of mutation {unknown}
 m - a potion of flight {unknown}
 n - a potion of lignification {unknown}
 r - a potion of haste {unknown}
 v - a potion of heal wounds {unknown}


   Skills:
 + Level 2.1 Fighting
 + Level 3.2 Short Blades
 + Level 1.7 Throwing
 + Level 1.4 Dodging
 * Level 8.0 Stealth


You had 3 spell levels left.
You didn't know any spells.

Dungeon Overview and Level Annotations

Branches:
Dungeon (3/15)

Altars:
Qazlal


Innate Abilities, Weirdness & Mutations

You have razor-sharp teeth.
You have supernaturally acute eyesight. (SInv)
You can survive without breathing.


Message History

Beogh smites you! The orc hits you with a flail.
You barely miss the orc.
The orc is heavily wounded.
The orc closely misses you.
You hit the orc but do no damage.
The orc is heavily wounded.
You barely miss the orc.
The orc is heavily wounded.
The orc barely misses you.
The orc priest mumbles some strange prayers to Beogh against you.
Beogh smites you!
* * * LOW HITPOINT WARNING * * *
You hit the orc.
The orc is almost dead.
The orc hits you but does no damage.
The orc priest calls upon Beogh to heal the orc.
The orc is healed somewhat.
The orc priest calls down the wrath of Beogh upon you.
Beogh smites you!
You die...

#####
################...#
#................#.#
.#
#..).....)..####...#
#.#### #..########.#
##.## #.....
#..##### #.# #.##
###..#### #......#
#.# #..###........
#......#
#)######.##.....#
#......#
#..)@.oo.)......#
##.....#
########.##....##
#.....#
#(###(#.######
#...###
#(#..........g ##..#
......#....... #..#
#.#.#########. #..#
#.#. #. #..# #.#. #.
#..# ## #.


You could see an orc priest and an orc.

Vanquished Creatures
  4 adders
  3 oozes
  2 worms
  2 leopard geckos
  4 orcs (D:3)
  A ball python (D:2)
  3 giant cockroaches
  5 goblins
  5 hobgoblins
  9 kobolds
  10 bats
  3 frilled lizards
  6 rats
57 creatures vanquished.

Notes
Turn   | Place    | Note
-------+----------+-------------------------------------------
     0 | D:1      | dohliylev the Vampire Assassin began the quest for the Orb.
     0 | D:1      | Reached XP level 1. HP: 16/16 MP: 1/1
   106 | D:1      | Reached skill level 6 in Stealth
   322 | D:1      | Reached XP level 2. HP: 14/22 MP: 2/2
   971 | D:2      | Reached XP level 3. HP: 27/27 MP: 3/3
   977 | D:2      | Reached skill level 7 in Stealth
   996 | D:2      | Noticed a fire elemental
  1219 | D:2      | Found a stormy altar of Qazlal.
  1223 | D:2      | Noticed an air elemental
  1223 | D:2      | Noticed a water elemental
  1223 | D:2      | Noticed an earth elemental
  1436 | D:2      | Reached XP level 4. HP: 23/33 MP: 4/4
  1838 | D:3      | Found a faded altar of an unknown god.
  2507 | D:3      | Reached skill level 8 in Stealth
  2737 | D:3      | Killed from afar by an orc priest

Skill      XL: |  1  2  3  4 |
---------------+-------------+-----
Stealth        | 6 7 8 |  8.0
Fighting       | 2 |  2.1
Short Blades   | 3 |  3.2
Throwing       | |  1.7
Dodging        | |  1.4

Action                   |  1- 3 |  4- 6 || total
-------------------------+-------+-------++-------
Melee: Dagger            |    95 |    32 ||   127
       Bite              |     9 |     5 ||    14
       Rapier            |       |    32 ||    32
 Fire: Blowgun           |     2 |     9 ||    11
 Abil: End Transformatio |       |     1 ||     1
       Bat Form          |       |     1 ||     1
  Use: Potion            |       |     2 ||     2
 Stab: Sleeping          |     9 |     7 ||    16
  Eat: Corpse            |     2 |     1 ||     3
Armor: Robe              |    21 |    20 ||    41
Dodge: Dodged            |    64 |    31 ||    95
